[ AOE2 MATCH · #508688827 ]
UnrankedCiv #61 vs Civ #60
Player's team · LOSS
Rival team · WIN
[ REPLAY ANALYSIS · EXTRACTED FROM THE RECORDED GAME ]
Feudal
9:22
Castle
20:04
Imperial
—
| APM avg | 43.4 |
| APM peak | 71 |
| eAPM avg | 19.5 |
| Villagers / military | 118 / 16 |
Focus
⚔️ 24.3% · 🌾 75.7%
Unknown (2700) ×29 · Unknown (2708) ×20 · Knight ×10 · Scout Cavalry ×5 · Skirmisher ×1
Feudal
10:25
Castle
19:08
Imperial
—
| APM avg | 37.3 |
| APM peak | 84 |
| eAPM avg | 19.1 |
| Villagers / military | 101 / 52 |
Focus
⚔️ 45.2% · 🌾 54.8%
Unknown (2703) ×57 · Spearman ×27 · Monk ×25 · Unknown (2705) ×4
Match map
Initial resources + every placement click. Lines = walls · curves = elevation contours. ◆ gold · ⬟ stone · ● berries · ✦ relic · ◌ wall gap
Your base· Open — opponent sealed themselves in
kcdrews's base· ✓ Closed at 19:08 · 40t walls · no gate
Smoothed initial terrain · ◌ = detected wall gap · hover for details
Inputs per minute
— CTM | Crawly94 - - kcdrews
Build order — CTM | Crawly94
First 150 of 314 actions detected
| 0:01 | Create | Villager (Male) |
| 0:02 | Create | Villager (Male) |
| 0:02 | Build | House |
| 0:03 | Build | House |
| 0:13 | Create | Villager (Male) |
| 0:13 | Create | Villager (Male) |
| 0:13 | Create | Villager (Male) |
| 1:41 | Create | Villager (Male) |
| 1:41 | Create | Villager (Male) |
| 1:45 | Build | Lumber Camp |
| 1:55 | Create | Villager (Male) |
| 2:28 | Create | Villager (Male) |
| 2:28 | Create | Villager (Male) |
| 2:50 | Create | Villager (Male) |
| 2:50 | Create | Villager (Male) |
| 3:22 | Create | Villager (Male) |
| 3:22 | Create | Villager (Male) |
| 3:22 | Create | Villager (Male) |
| 3:24 | Build | House |
| 3:54 | Create | Villager (Male) |
| 3:54 | Create | Villager (Male) |
| 3:56 | Build | Mill |
| 4:42 | Create | Villager (Male) |
| 4:42 | Create | Villager (Male) |
| 4:43 | Create | Villager (Male) |
| 5:26 | Create | Villager (Male) |
| 6:13 | Create | Villager (Male) |
| 6:13 | Research | Loom |
| 7:07 | Research | Feudal Age |
| 7:50 | Build | Barracks |
| 7:52 | Build | House |
| 8:26 | Create | Villager (Male) |
| 8:26 | Create | Villager (Male) |
| 8:39 | Build | House |
| 8:40 | Build | House |
| 9:19 | Build | Palisade Wall |
| 9:22 | Build | Palisade Wall |
| 9:22 | Build | Palisade Wall |
| 9:22 | Age | Feudal Age |
| 9:23 | Build | Palisade Wall |
| 9:27 | Build | Stable |
| 9:29 | Create | Villager (Male) |
| 9:32 | Research | Double-Bit Axe |
| 9:32 | Research | Double-Bit Axe |
| 9:38 | Build | Farm |
| 9:54 | Build | Farm |
| 10:07 | Create | Scout Cavalry |
| 10:08 | Create | Scout Cavalry |
| 10:19 | Build | Farm |
| 10:35 | Build | Palisade Gate |
| 10:36 | Create | Villager (Male) |
| 10:48 | Build | Farm |
| 10:50 | Build | Farm |
| 11:03 | Create | Villager (Male) |
| 11:22 | Build | Farm |
| 11:24 | Build | Farm |
| 11:26 | Create | Villager (Male) |
| 11:39 | Build | House |
| 11:44 | Build | Palisade Wall |
| 11:47 | Create | Villager (Male) |
| 11:52 | Build | Farm |
| 11:57 | Build | Farm |
| 11:59 | Create | Villager (Male) |
| 12:30 | Create | Villager (Male) |
| 12:38 | Build | Farm |
| 12:41 | Build | Farm |
| 12:43 | Build | Farm |
| 12:45 | Create | Villager (Male) |
| 12:50 | Build | Farm |
| 12:53 | Research | Bloodlines |
| 13:08 | Build | Farm |
| 13:11 | Create | Scout Cavalry |
| 13:29 | Create | Villager (Male) |
| 13:52 | Create | Villager (Male) |
| 14:01 | Build | Mining Camp |
| 14:04 | Create | Villager (Male) |
| 14:10 | Build | Farm |
| 14:13 | Build | Farm |
| 14:14 | Create | Scout Cavalry |
| 14:14 | Create | Scout Cavalry |
| 14:42 | Build | Farm |
| 14:42 | Build | Farm |
| 14:42 | Build | Farm |
| 14:44 | Create | Villager (Male) |
| 14:56 | Build | House |
| 14:58 | Build | House |
| 14:59 | Build | House |
| 15:00 | Create | Villager (Male) |
| 15:31 | Create | Villager (Male) |
| 15:39 | Build | Watch Tower |
| 15:52 | Build | Blacksmith |
| 15:56 | Create | Villager (Male) |
| 16:34 | Create | Villager (Male) |
| 16:34 | Create | Villager (Male) |
| 17:09 | Build | Mining Camp |
| 17:24 | Research | Castle Age |
| 17:25 | Research | Castle Age |
| 17:40 | Build | House |
| 17:43 | Build | House |
| 17:46 | Build | House |
| 17:54 | Build | Lumber Camp |
| 18:20 | Build | Palisade Wall |
| 18:22 | Create | Villager (Male) |
| 18:31 | Build | Market |
| 18:40 | Create | Villager (Male) |
| 18:54 | Build | Farm |
| 18:54 | Build | Farm |
| 19:37 | Build | House |
| 19:39 | Build | House |
| 19:47 | Build | House |
| 19:48 | Build | House |
| 20:04 | Age | Castle Age |
| 20:09 | Create | Villager (Male) |
| 20:34 | Build | Stable |
| 20:38 | Create | Villager (Male) |
| 20:46 | Create | Villager (Male) |
| 20:57 | Build | House |
| 20:58 | Build | House |
| 20:59 | Build | House |
| 21:02 | Build | Stone Wall |
| 21:05 | Build | House |
| 21:25 | Build | Farm |
| 21:36 | Build | House |
| 22:04 | Build | House |
| 22:06 | Create | Villager (Male) |
| 22:06 | Create | Villager (Male) |
| 22:08 | Build | Farm |
| 22:36 | Build | Town Center |
| 22:39 | Create | Villager (Male) |
| 22:42 | Create | Knight |
| 22:42 | Create | Knight |
| 22:42 | Create | Knight |
| 23:07 | Create | Villager (Male) |
| 23:08 | Create | Villager (Male) |
| 23:28 | Create | Villager (Male) |
| 23:45 | Create | Knight |
| 23:46 | Research | Scale Barding Armor |
| 23:50 | Create | Knight |
| 23:50 | Create | Knight |
| 23:58 | Create | Villager (Male) |
| 24:00 | Build | Farm |
| 24:09 | Research | Gold Mining |
| 24:23 | Build | Lumber Camp |
| 24:42 | Create | Villager (Male) |
| 24:51 | Create | Villager (Male) |
| 24:51 | Create | Villager (Male) |
| 24:57 | Build | Farm |
| 25:19 | Research | Wheelbarrow |
| 25:19 | Research | Town Watch |
| 25:20 | Create | Villager (Male) |
Build order — kcdrews
First 150 of 323 actions detected
| 0:02 | Build | House |
| 0:03 | Build | House |
| 0:04 | Create | Villager (Male) |
| 0:04 | Create | Villager (Male) |
| 0:25 | Create | Villager (Male) |
| 0:25 | Create | Villager (Male) |
| 1:35 | Create | Villager (Male) |
| 1:43 | Create | Villager (Male) |
| 1:43 | Create | Villager (Male) |
| 1:50 | Build | Lumber Camp |
| 2:16 | Create | Villager (Male) |
| 2:16 | Create | Villager (Male) |
| 2:31 | Create | Villager (Male) |
| 3:03 | Create | Villager (Male) |
| 3:40 | Create | Villager (Male) |
| 3:40 | Create | Villager (Male) |
| 4:05 | Build | House |
| 4:07 | Build | House |
| 4:43 | Build | Mill |
| 4:48 | Build | Palisade Wall |
| 4:49 | Build | Palisade Wall |
| 4:55 | Create | Villager (Male) |
| 4:56 | Create | Villager (Male) |
| 5:19 | Create | Villager (Male) |
| 5:19 | Create | Villager (Male) |
| 5:20 | Create | Villager (Male) |
| 5:59 | Create | Villager (Male) |
| 5:59 | Create | Villager (Male) |
| 6:00 | Create | Villager (Male) |
| 6:44 | Create | Villager (Male) |
| 6:48 | Build | Lumber Camp |
| 7:11 | Build | Farm |
| 7:29 | Research | Loom |
| 8:11 | Research | Feudal Age |
| 8:17 | Build | Barracks |
| 8:23 | Create | Villager (Male) |
| 8:31 | Build | Palisade Wall |
| 8:35 | Create | Villager (Male) |
| 8:46 | Build | House |
| 8:50 | Build | Palisade Wall |
| 9:39 | Build | Palisade Wall |
| 9:42 | Build | Palisade Wall |
| 9:46 | Create | Villager (Male) |
| 9:54 | Build | Palisade Wall |
| 10:25 | Age | Feudal Age |
| 10:26 | Build | Mining Camp |
| 10:30 | Build | Palisade Wall |
| 10:36 | Create | Spearman |
| 10:36 | Create | Spearman |
| 10:41 | Build | Farm |
| 10:41 | Build | Farm |
| 10:41 | Build | Farm |
| 10:47 | Create | Villager (Male) |
| 10:55 | Build | Farm |
| 11:19 | Create | Spearman |
| 11:51 | Create | Villager (Male) |
| 11:55 | Build | House |
| 12:12 | Build | Palisade Wall |
| 12:15 | Build | House |
| 12:41 | Create | Villager (Male) |
| 12:42 | Create | Villager (Male) |
| 12:49 | Build | House |
| 12:56 | Create | Spearman |
| 13:01 | Research | Double-Bit Axe |
| 13:01 | Research | Double-Bit Axe |
| 13:15 | Build | Farm |
| 13:18 | Build | Farm |
| 13:53 | Create | Villager (Male) |
| 14:02 | Build | Farm |
| 14:07 | Build | Farm |
| 14:29 | Build | Farm |
| 14:31 | Build | Farm |
| 14:49 | Create | Villager (Male) |
| 14:52 | Create | Villager (Male) |
| 14:56 | Build | Blacksmith |
| 15:02 | Build | Market |
| 15:13 | Build | Palisade Wall |
| 15:33 | Build | Palisade Wall |
| 15:38 | Create | Villager (Male) |
| 15:38 | Create | Villager (Male) |
| 15:39 | Create | Villager (Male) |
| 15:52 | Research | Horse Collar |
| 16:19 | Research | Castle Age |
| 16:19 | Research | Castle Age |
| 16:28 | Build | Farm |
| 16:28 | Build | Farm |
| 16:54 | Create | Villager (Male) |
| 16:54 | Create | Villager (Male) |
| 17:16 | Build | Palisade Wall |
| 17:28 | Build | Lumber Camp |
| 17:37 | Create | Villager (Male) |
| 17:37 | Create | Villager (Male) |
| 17:37 | Create | Villager (Male) |
| 17:59 | Create | Villager (Male) |
| 17:59 | Create | Villager (Male) |
| 18:04 | Research | Scale Mail Armor |
| 18:07 | Research | Forging |
| 19:08 | Age | Castle Age |
| 19:11 | Research | Gambesons |
| 19:20 | Build | Town Center |
| 19:21 | Create | Villager (Male) |
| 19:22 | Create | Villager (Male) |
| 19:35 | Build | Town Center |
| 19:55 | Build | Palisade Wall |
| 19:58 | Create | Villager (Male) |
| 19:58 | Create | Villager (Male) |
| 20:14 | Research | Squires |
| 20:16 | Research | Pikeman (upgrade) |
| 20:23 | Build | Monastery |
| 20:31 | Create | Villager (Male) |
| 20:31 | Create | Villager (Male) |
| 20:31 | Create | Villager (Male) |
| 20:50 | Create | Villager (Male) |
| 20:50 | Create | Villager (Male) |
| 20:52 | Create | Villager (Male) |
| 20:52 | Create | Villager (Male) |
| 20:53 | Create | Villager (Male) |
| 20:54 | Create | Villager (Male) |
| 20:54 | Create | Villager (Male) |
| 20:54 | Create | Villager (Male) |
| 21:05 | Research | Chain Mail Armor |
| 21:12 | Research | Devotion |
| 21:16 | Research | Sanctity |
| 21:16 | Create | Monk |
| 21:26 | Research | Bow Saw |
| 21:29 | Create | Villager (Male) |
| 21:30 | Create | Villager (Male) |
| 21:30 | Create | Villager (Male) |
| 21:41 | Build | Farm |
| 21:48 | Create | Spearman |
| 21:49 | Create | Spearman |
| 21:49 | Create | Spearman |
| 22:25 | Create | Villager (Male) |
| 22:26 | Create | Villager (Male) |
| 22:29 | Create | Monk |
| 22:38 | Create | Unit 2703 |
| 22:39 | Create | Unit 2703 |
| 22:52 | Build | Barracks |
| 23:16 | Create | Monk |
| 23:27 | Create | Unit 2703 |
| 23:27 | Create | Unit 2703 |
| 23:29 | Create | Villager (Male) |
| 23:29 | Create | Villager (Male) |
| 23:33 | Build | House |
| 23:42 | Build | Farm |
| 23:43 | Build | Farm |
| 23:58 | Build | House |
| 23:59 | Build | House |
| 24:01 | Build | House |
| 24:07 | Create | Unit 2703 |
Match timeline
| 4:48 | kcdrews · wall_segment Palisade Wall x1 |
| 4:49 | kcdrews · wall_segment Palisade Wall x1 |
| 7:50 | CTM | Crawly94 · first_building Barracks |
| 8:17 | kcdrews · first_building Barracks |
| 8:31 | kcdrews · wall_segment Palisade Wall x7 |
| 8:50 | kcdrews · wall_segment Palisade Wall x3 |
| 9:19 | CTM | Crawly94 · wall_segment Palisade Wall x6 |
| 9:22 | CTM | Crawly94 · wall_segment Palisade Wall x1 |
| 9:22 | CTM | Crawly94 · wall_segment Palisade Wall x1 |
| 9:22 | CTM | Crawly94 · age_up feudal |
| 9:23 | CTM | Crawly94 · wall_segment Palisade Wall x1 |
| 9:27 | CTM | Crawly94 · first_building Stable |
| 9:39 | kcdrews · wall_segment Palisade Wall x6 |
| 9:42 | kcdrews · wall_segment Palisade Wall x3 |
| 9:54 | kcdrews · wall_segment Palisade Wall x8 |
| 10:25 | kcdrews · age_up feudal |
| 10:30 | kcdrews · wall_segment Palisade Wall x4 |
| 11:44 | CTM | Crawly94 · wall_segment Palisade Wall x15 |
| 12:12 | kcdrews · wall_segment Palisade Wall x2 |
| 15:13 | kcdrews · wall_segment Palisade Wall x7 |
| 15:33 | kcdrews · wall_segment Palisade Wall x1 |
| 17:16 | kcdrews · wall_segment Palisade Wall x1 |
| 18:20 | CTM | Crawly94 · wall_segment Palisade Wall x5 |
| 19:08 | kcdrews · age_up castle |
| 19:55 | kcdrews · wall_segment Palisade Wall x1 |
| 20:04 | CTM | Crawly94 · age_up castle |
| 20:23 | kcdrews · first_building Monastery |
| 20:27 | CTM | Crawly94 · first_market_sell 100 food |
| 20:28 | CTM | Crawly94 · first_market_buy 100 wood |
| 21:02 | CTM | Crawly94 · wall_segment Stone Wall x1 |
| 25:46 | CTM | Crawly94 · first_building Castle |
| 26:03 | kcdrews · first_building Castle |
| 28:17 | CTM | Crawly94 · wall_segment Palisade Wall x1 |
| 30:42 | kcdrews · first_market_sell 100 wood |
| 30:44 | kcdrews · first_market_buy 100 food |
| 35:05 | CTM | Crawly94 · first_building Archery Range |
| 38:26 | CTM | Crawly94 · resign |
[ AI ANALYSIS · 1 CREDIT ]
What really happened in this match?
Wolo.gg analyzes every decision: build order, eco, micro, common mistakes by bracket. Personalized analysis on WhatsApp or Discord in 30 seconds.
Civ guide
Civ #61
Perfil
Jugador #20107364